 Dungeon Crawl Stone Soup version 0.19-a0-1007-g133f65f (webtiles) character file.

96 mistymad the Skirmisher (level 4, 0/40 HPs)
             Began as a Ghoul Monk on July 21, 2016.
             Slain by Raykoid666's ghost (6 damage)
             ... on level 3 of the Dungeon.
             The game lasted 00:04:39 (1688 turns).

mistymad the Skirmisher (Ghoul Monk)                Turns: 1688, Time: 00:04:40

Health: 0/40       AC:  2    Str: 15    XL:     4   Next: 67%
Magic:  3/3        EV: 13    Int:  5    God:
Gold:   117        SH:  0    Dex: 11    Spells: 0 memorised, 3 levels left

rFire  + . .     SeeInvis .     m - +0 long sword (slice)
rCold  . . .     Gourm    .     b - +0 robe
rNeg   + + +     Faith    .     (no shield)
rPois  ∞         Spirit   .     (no helmet)
rElec  .         Dismiss  .     (no cloak)
rCorr  .         Reflect  .     (no gloves)
SustAt .         Harm     .     (no boots)
MR     .....                    (no amulet)
Stlth  ++........               j - ring of fire
                                i - ring of flight

@: rotting, not resistant to hostile enchantments, unstealthy
A: rotting body, claws 1, carnivore 3, cold resistance 1, negative energy
resistance 3, slow regeneration 1, torment resistance, unbreathing
a: Evoke Flight


You were on level 3 of the Dungeon.
You were not hungry.

You visited 1 branch of the dungeon, and saw 4 of its levels.

You collected 117 gold pieces.

Inventory:

Hand Weapons
 m - a +0 long sword of slicing (weapon)
Armour
 b - a +0 robe (worn)
Jewellery
 i - a ring of flight (left claw)
 j - a ring of fire (right claw)
Scrolls
 d - a scroll of random uselessness {unknown}
 e - 5 scrolls of identify {unknown}
 f - 2 scrolls of teleportation {unknown}
 g - a scroll of magic mapping {unknown}
 h - a scroll of enchant weapon {unknown}
 l - 2 scrolls of remove curse {unknown}
Potions
 a - a potion of might {unknown}
 k - a potion of brilliance {unknown}
 n - a potion of lignification {unknown}
Comestibles
 c - a meat ration


   Skills:
 + Level 3.9 Fighting
 + Level 3.3 Long Blades
 + Level 1.3 Armour
 + Level 3.4 Dodging
 - Level 2.1 Stealth


You had 3 spell levels left.
You didn't know any spells.

Dungeon Overview and Level Annotations

Branches:
Dungeon (4/15)
 Temple: D:4-7

Altars:

Annotations:
D:3 Raykoid666's ghost, amateur DsMo
D:4 Eustachio


Innate Abilities, Weirdness & Mutations

Your body is rotting away.
You thrive on raw meat.
You are immune to poison.
You have sharp fingernails.
You are carnivorous and can eat meat at any time.
Your flesh is cold resistant. (rC+)
You are immune to negative energy. (rN+++)
You regenerate slowly when monsters are visible.
You are immune to unholy pain and torment.
You can survive without breathing.


Message History

There is a stone staircase leading down here.
You take 10 damage, and have 2/40 hp.
MASSIVE DAMAGE!!
Raykoid666's ghost hits you but does no damage.
Things that are here:
a chain mail; a club Raykoid666's ghost closely misses you.
You riposte.
You hit Raykoid666's ghost.
Raykoid666's ghost is lightly damaged.
Raykoid666's ghost whispers, "The ORB doesn't exist."
Raykoid666's ghost closely misses you.
Raykoid666's ghost keens inconsolably.
Raykoid666's ghost closely misses you.
Things that are here:
a flail; a club
Things that are here:
a ring mail; a dagger of venom Raykoid666's ghost shrieks, "You will join me soon!"
You hear the rapid rusting of a very distant drain.
Raykoid666's ghost is nearby!
You closely miss Raykoid666's ghost. Raykoid666's ghost hits you.
You die...

#.........#
#.........#
#.........#
#########.........#
...........>......#
.#####.#.........#
#.#.........#
#.#..W......#
#.#...@.....#
#.#.....[...#
#.#.........#
#.#.........#
#.###..###### #.#
#..## #.# #...# #.#
#...## #.###....#


You could see Raykoid666's ghost.

Vanquished Creatures
  An orc priest (D:3)
  An adder (D:3)
  An ooze (D:1)
  3 dart slugs
  2 giant geckos
  3 orcs (D:3)
  6 bats
  5 giant cockroaches
  2 goblins
  4 hobgoblins
  3 jackals (D:1)
  6 kobolds (D:1)
  3 rats
40 creatures vanquished.

Notes
Turn   | Place    | Note
-------+----------+-------------------------------------------
     0 | D:1      | mistymad the Ghoul Monk began the quest for the Orb.
     0 | D:1      | Reached XP level 1. HP: 19/19 MP: 0/0
   203 | D:1      | Reached XP level 2. HP: 26/26 MP: 1/1
   477 | D:1      | Reached XP level 3. HP: 30/31 MP: 2/2
   497 | D:1      | Reached skill level 1 in Armour
  1085 | D:2      | You fall through a shaft for 2 floors!
  1086 | D:4      | Noticed Eustachio
  1151 | D:3      | Reached XP level 4. HP: 40/40 MP: 3/3
  1228 | D:3      | Noticed Raykoid666's ghost (amateur DsMo)
  1506 | D:4      | Noticed an ogre
  1635 | D:3      | HP: 2/40 [Raykoid666's ghost (5)]
  1688 | D:3      | Slain by Raykoid666's ghost

Vault maps used:
D:1:      mainiacjoe_arrival_reflecting_pool, hangedman_glass_teeth
D:2:      lemuel_doored_altar, first_bread
D:3:      vehumet_crystals, portal_sewer_entry_d, uniq_iyjb,
          uniq_crazy_yiuf_cottage, uniq_robin
D:4:      uniq_eustachio, uniq_blork_the_orc

Skill      XL: |  1  2  3 |
---------------+----------+-----
Long Blades    | 3 |  3.3
Dodging        | 3 |  3.4
Armour         | 1 |  1.3
Fighting       | |  3.9
Stealth        | |  2.1

Action                   |  1- 3 |  4- 6 || total
-------------------------+-------+-------++-------
Melee: Falchion          |   154 |       ||   154
       Long sword        |     9 |    42 ||    51
 Stab: Sleeping          |     6 |       ||     6
  Eat: Chunk             |    14 |     8 ||    22
Armor: Robe              |    30 |     8 ||    38
Dodge: Dodged            |    91 |    24 ||   115
